 Dungeon Crawl Stone Soup version 0.25-a0-927-g39f137c8b7 (webtiles) character file.

Game seed: 14531903128615866511, levelgen mode: deterministic

34387 zorro123 the Basher (level 13, -24/118 HPs)
             Began as a Minotaur Fighter on May 3, 2020.
             Was the Champion of Okawaru.
             Killed from afar by an ancient lich (51 damage)
             ... with a bolt of lightning
             ... on level 1 of the Abyss.
             The game lasted 00:59:42 (14341 turns).

zorro123 the Basher (Minotaur Fighter)             Turns: 14341, Time: 00:59:42

Health: -24/118    AC: 28    Str: 26    XL:     13   Next: 41%
Magic:  16/16      EV:  8    Int:  9    God:    Okawaru [******]
Gold:   1102       SH:  9    Dex: 12    Spells: 12/12 levels left

rFire    . . .     SeeInvis .   p - +3 morningstar
rCold    . . .     Gourm    .   Y - +2 buckler {reflect}
rNeg     . . .     Faith    .   j - +8 plate armour of Taze {Regen+ Stlth+}
rPois    +         Spirit   .   (helmet restricted)
rElec    .         Reflect  +   R - +0 cloak
rCorr    .         Harm     .   G - +0 pair of gloves
MR       .....                  M - +0 pair of boots
Stlth    ..........             e - amulet of regeneration (curse)
HPRegen  0.69/turn              U - ring of poison resistance
MPRegen  0.15/turn              W - +6 ring of strength

@: no status effects
A: retaliatory headbutt, horns 2
a: Heroism, Finesse, Renounce Religion


You were on level 1 of the Abyss.
You worshipped Okawaru.
Okawaru was exalted by your worship.
You were hungry.

You visited 3 branches of the dungeon, and saw 16 of its levels.
You visited the Abyss 1 time.
You also visited: Sewer and Volcano.

You collected 1102 gold pieces.

Inventory:

Hand Weapons
 p - a +3 morningstar (weapon)
 F - a +1 whip of flaming
Armour
 j - the +8 plate armour of Taze (worn) {Regen+ Stlth+}
   (Okawaru gifted it to you on level 11 of the Dungeon)

   It increases your rate of regeneration.
   It makes you more stealthy.
 D - the +15 Maxwell's patent armour {-Cast -Tele rElec MR+ rCorr}
   (You acquired it on level 10 of the Dungeon)

   It insulates you from electricity.
   It affects your resistance to hostile enchantments.
   It prevents spellcasting.
   It prevents most forms of teleportation.
   It provides partial protection from all sources of acid and corrosion.
 E - a +2 plate armour of fire resistance
 G - a +0 pair of gloves (worn)
 M - a +0 pair of boots (worn)
 R - a +0 cloak (worn)
 Y - a +2 buckler of reflection (worn)
Jewellery
 e - a cursed amulet of regeneration (around neck)
 z - an uncursed ring of flight {unknown}
 Q - an uncursed ring of see invisible
 U - a ring of poison resistance (left hand)
 W - a +6 ring of strength (right hand)
Wands
 a - a wand of iceblast (6)
 r - a wand of digging (9)
 t - a wand of polymorph (7)
 B - a wand of acid (8)
 H - a wand of paralysis (24)
 N - a wand of disintegration (26)
Scrolls
 h - 6 scrolls of amnesia
 i - 8 scrolls of identify
 k - 8 scrolls of teleportation
 m - 9 scrolls of remove curse
 n - 3 scrolls of enchant weapon
 o - 2 scrolls of enchant armour
 u - 3 scrolls of fog
 y - 4 scrolls of immolation
 I - a scroll of brand weapon
 L - a scroll of summoning
 P - a scroll of magic mapping {unknown}
 S - 2 scrolls of fear
Potions
 b - a potion of invisibility
 d - 4 potions of might
 g - 7 potions of curing
 l - a potion of lignification {unknown}
 q - 2 potions of brilliance {unknown}
 s - a potion of magic {unknown}
 v - 2 potions of degeneration {unknown}
 w - 2 potions of flight {unknown}
 x - 2 potions of berserk rage {unknown}
 C - 2 potions of haste
 J - a potion of cancellation {unknown}
 K - 2 potions of heal wounds {unknown}
 O - a potion of stabbing {unknown}
 V - a potion of mutation {unknown}
 Z - a potion of resistance {unknown}
Comestibles
 f - 29 rations


   Skills:
 + Level 12.0 Fighting
 + Level 14.7 Maces & Flails
 + Level 12.4 Armour
 + Level 14.2 Shields
 * Level 6.3 Invocations


You had 12 spell levels left.
You didn't know any spells.
Your spell library contained the following spells:

 Spells                   Type           Power        Failure   Level  Hunger
 Corona                   Hex            #......      97%         1    ##.....
 Foxfire                  Conj/Fire      #...         97%         1    ##.....
 Shock                    Conj/Air       #...         97%         1    ##.....
 Ensorcelled Hibernation  Hex/Ice        #.....       99%         2    ###....
 Swiftness                Chrm/Air       #.......     99%         2    ###....
 Confusing Touch          Hex            #.......     100%        3    ####...
 Conjure Flame            Conj/Fire      #.......     100%        3    ####...
 Dazzling Flash           Conj/Hex       #.....       100%        3    ####...
 Inner Flame              Hex/Fire       #.......     100%        3    ####...
 Static Discharge         Conj/Air       #.......     100%        3    ####...
 Tukima's Dance           Hex            #.......     100%        3    ####...
 Airstrike                Air            #.........   100%        4    #####..
 Sticky Flame             Conj/Fire      #.......     100%        4    #####..
 Fireball                 Conj/Fire      #.........   100%        5    ######.
 Lightning Bolt           Conj/Air       #.........   100%        5    ######.


Dungeon Overview and Level Annotations

Branches:
Dungeon (11/15)            Temple (1/1) D:4            Lair (4/6) D:9
 Shoals (0/4) Lair:3       Spider (0/4) Lair:4          Orc (0/2) D:11
  Sewer (visited)         Volcano (visited)

Altars:
Ashenzari
Cheibriados
Dithmenos
Elyvilon
Fedhas
Gozag
Hepliaklqana
Kikubaaqudgha
Makhleb
Nemelex Xobeh
Okawaru
Qazlal
Ru
Sif Muna
Trog
Uskayaw
Vehumet
Wu Jian
Xom
Yredelemnul
Zin
The Shining One

Shops:
D:10 (

Annotations:
D:2 2 transporters
D:7 2 transporters, Necrophagist's ghost, amateur OpCj
Lair:4 Sonja


Innate Abilities, Weirdness & Mutations

You reflexively headbutt those who attack you in melee.
You have a pair of horns on your head.


Message History

The smoke demon roars!
The smoke demon gestures at you. The ball of steam hits you!
* * * LOW HITPOINT WARNING * * *
You are engulfed in a cloud of scalding steam.
You are suddenly pulled into a different region of the Abyss!
Found a flail.
Your magical contamination has completely faded away.
You see here a flail.
You are feeling hungry.
u - 3 scrolls of fog (gained 1)
Found 17 stones.
A small abomination assembles itself!
A small abomination is nearby!
You now have 1102 gold pieces (gained 37).
An ancient lich comes into view.
The ancient lich shouts!
The ancient lich points at you and mumbles some strange words.
The bolt of lightning hits you!!!
You die...

###.#.#..#.##..
.... #.
#.#........#.#..#.#
####.#..#.###.....
. .
.................
.##.
.####.#..#.#####
#.# . ###.#..#.#
#........#
..##.#.#..#.#
.......@....#
................
L.##.#...........
#.#...##(#####
#...# .# ..... ..
##...# ##. ..... ..


You could see an ancient lich.

Vanquished Creatures
  4 hydras
  4 two-headed ogres
  An unseen horror (D:10)
  3 starcursed masses (Abyss:1)
  3 ugly things (Volcano)
  2 deep elf magi
  An oklob plant (Lair:3)
  An orc sorcerer (Volcano)
  A black mamba (Lair:3)
  A merfolk siren (Lair:3)
  2 gargoyles
  A molten gargoyle (Lair:1)
  A torpor snail (Lair:2)
  A smoke demon (Volcano)
  Maggie (D:7)
  8 spiny frogs
  3 komodo dragons
  2 red devils (Volcano)
  3 merfolk (Lair:3)
  A troll (D:9)
  Prince Ribbit (D:5)
  9 blink frogs
  A hippogriff (Lair:2)
  A slime creature (D:9)
  9 dream sheep
  A vampire (D:11)
  Sigmund (D:2)
  26 yaks
  4 wyverns
  2 wraiths
  A basilisk (Lair:2)
  A fire elemental (Lair:1)
  A steam dragon (D:8)
  3 hungry ghosts
  3 porcupines
  8 water moccasins
  Duvessa (D:5)
  4 ice beasts
  8 orc warriors
  A hornet zombie (D:8)
  A black bear (Lair:3)
  2 sky beasts (D:11)
  3 phantoms
  5 ogres
  6 wolves
  10 centaurs
  5 crocodiles
  7 bullfrogs
  5 big kobolds
  Dowan (D:5)
  2 scorpions (D:9)
  A wyvern skeleton (D:11)
  6 wights
  2 electric eels
  7 howler monkeys
  9 crimson imps
  5 hounds
  2 jellies
  A centaur skeleton (D:7)
  10 orc priests
  13 orc wizards
  3 bullfrog skeletons
  7 iguanas
  Jessica (D:2)
  Terence (D:1)
  7 worker ants
  2 hound zombies
  4 gnolls (D:8)
  13 adders
  5 river rats
  A shadow imp (D:10)
  7 oozes
  An adder zombie (D:6)
  An adder skeleton (D:4)
  6 worms
  3 dart slugs
  4 leopard geckos
  56 orcs
  5 ball pythons
  4 bats
  8 giant cockroaches
  10 goblins
  4 hobgoblins
  11 jackals
  8 kobolds
  5 quokkas
  6 frilled lizards
  A jackal skeleton (D:7)
  A quokka skeleton (D:6)
  A quokka zombie (D:6)
  15 rats
  A bush (Lair:3)
  2 plants (D:2)
437 creatures vanquished.

Notes
Turn   | Place    | Note
-------+----------+-------------------------------------------
     0 | D:1      | zorro123 the Minotaur Fighter began the quest for the Orb.
     0 | D:1      | Reached XP level 1. HP: 19/19 MP: 0/0
   164 | D:1      | Reached XP level 2. HP: 27/27 MP: 1/1
   584 | D:2      | Noticed Sigmund
   594 | D:1      | Reached XP level 3. HP: 17/33 MP: 2/2
   734 | D:2      | Noticed Terence
   776 | D:1      | Killed Terence
   875 | D:2      | Found a transporter.
   875 | D:2      | Found a transporter.
  1054 | D:2      | Killed Sigmund
  1054 | D:2      | Reached skill level 5 in Armour
  1054 | D:2      | Reached skill level 5 in Shields
  1054 | D:2      | Reached XP level 4. HP: 23/41 MP: 3/3
  1054 | D:2      | Reached XP level 5. HP: 27/47 MP: 4/4
  1223 | D:2      | Found a hazy altar of Hepliaklqana.
  1494 | D:2      | Noticed Jessica
  1498 | D:2      | Killed Jessica
  1498 | D:2      | Reached XP level 6. HP: 53/53 MP: 5/5
  2079 | D:3      | Reached skill level 5 in Maces & Flails
  2362 | D:3      | Found a glowing drain.
  2375 | Sewer    | Entered a sewer
  2587 | Sewer    | Reached XP level 7. HP: 60/60 MP: 6/6
  2733 | Sewer    | Reached skill level 5 in Fighting
  3215 | D:4      | Found a staircase to the Ecumenical Temple.
  3230 | Temple   | Entered the Ecumenical Temple
  3655 | D:4      | Reached XP level 8. HP: 67/69 MP: 7/7
  4242 | D:5      | Entered Level 5 of the Dungeon
  4253 | D:5      | Found an opulent altar of Gozag.
  4268 | D:5      | Noticed Duvessa
  4277 | D:5      | Killed Duvessa
  4278 | D:5      | Noticed Dowan
  4286 | D:5      | Killed Dowan
  4337 | D:5      | Got a pitted spear
  4337 | D:5      | Identified the +7 spear of Ynugoamm {flame, *Rage rF++
                  | Int+8 Stlth-} (You found it on level 5 of the Dungeon)
  4380 | D:5      | Found an ornate altar of the Wu Jian Council.
  4546 | D:5      | Found a hide-covered altar of Uskayaw.
  4546 | D:5      | Noticed a +0 hand axe
  4548 | D:5      | Noticed a +0 hand axe
  4711 | D:5      | Noticed Prince Ribbit
  4809 | D:5      | Killed Prince Ribbit
  5036 | D:6      | Reached XP level 9. HP: 73/78 MP: 8/8
  5117 | D:6      | Found a burning altar of Makhleb.
  5197 | D:6      | Found a shimmering blue altar of Sif Muna.
  5494 | D:7      | Noticed Maggie
  5513 | D:7      | HP: 3/78 [Maggie/bolt of fire (21)]
  5519 | D:7      | Killed Maggie
  5990 | D:7      | Found a transporter.
  5995 | D:7      | Found a sparkling altar of Nemelex Xobeh.
  6163 | D:7      | Found a transporter.
  6259 | D:7      | Noticed Necrophagist's ghost (amateur OpCj)
  6296 | D:7      | Found a white marble altar of Elyvilon.
  6296 | D:7      | Found a glowing silver altar of Zin.
  6296 | D:7      | Found an iron altar of Okawaru.
  6301 | D:7      | Found a sacrificial altar of Ru.
  6304 | D:7      | Became a worshipper of Warmaster Okawaru
  6480 | D:8      | Reached XP level 10. HP: 77/88 MP: 9/9
  6512 | D:8      | Reached * piety under Okawaru
  6512 | D:8      | Reached skill level 10 in Maces & Flails
  6512 | D:8      | Reached skill level 10 in Shields
  6724 | D:8      | Reached ** piety under Okawaru
  6740 | D:8      | Noticed a three-headed hydra
  6749 | D:8      | Killed a three-headed hydra
  6934 | D:8      | Found a shadowy altar of Dithmenos.
  7036 | D:8      | Noticed a two-headed ogre
  7048 | D:8      | Killed a two-headed ogre
  7048 | D:8      | Reached *** piety under Okawaru
  7141 | D:8      | Noticed a two-headed ogre
  7154 | D:8      | Killed a two-headed ogre
  7154 | D:8      | Reached skill level 10 in Armour
  7627 | D:9      | Found a staircase to the Lair.
  7792 | D:9      | Noticed a deep elf mage
  7794 | D:9      | Noticed a two-headed ogre
  7800 | D:9      | Killed a deep elf mage
  7800 | D:9      | Reached **** piety under Okawaru
  7800 | D:9      | Reached XP level 11. HP: 97/97 MP: 10/10
  7809 | D:9      | Killed a two-headed ogre
  8252 | D:10     | Entered Level 10 of the Dungeon
  8415 | D:10     | Killed an unseen horror
  8468 | D:10     | Reached ***** piety under Okawaru
  8491 | D:10     | Received a gift from Okawaru
  8592 | D:10     | Noticed a two-headed ogre
  8614 | D:10     | Killed a two-headed ogre
  8650 | D:10     | Found Bytrom's Weapon Shop.
  8943 | D:10     | Identified a scroll of acquirement
  8946 | D:10     | Found the +15 Maxwell's patent armour {-Cast -Tele rElec
                  | MR+ rCorr}
  9007 | D:11     | Reached skill level 10 in Fighting
  9048 | D:11     | Reached skill level 1 in Invocations
  9201 | D:11     | Found a glowing golden altar of the Shining One.
  9301 | D:11     | Received a gift from Okawaru
  9310 | D:11     | Got a bloodstained plate armour {god gift}
  9320 | D:11     | Identified the +8 plate armour of Taze {Regen+ Stlth+}
                  | (Okawaru gifted it to you on level 11 of the Dungeon)
  9352 | D:11     | Found a staircase to the Orcish Mines.
  9358 | D:11     | Noticed a deep elf mage
  9380 | D:11     | HP: 2/100 [deep elf mage/bolt of lightning (20)]
  9699 | D:11     | Killed a deep elf mage
  9761 | D:11     | Reached XP level 12. HP: 106/106 MP: 12/12
 10076 | Lair:1   | Entered Level 1 of the Lair of Beasts
 10753 | Lair:1   | Noticed a five-headed hydra
 10762 | Lair:1   | Killed a five-headed hydra
 10841 | Lair:1   | Found a snail-covered altar of Cheibriados.
 12121 | Lair:3   | Reached ****** piety under Okawaru
 12135 | Lair:3   | Noticed an eight-headed hydra
 12149 | Lair:3   | Killed an eight-headed hydra
 12255 | Lair:3   | Reached skill level 5 in Invocations
 12264 | Lair:3   | Received a gift from Okawaru
 12268 | Lair:3   | Found a staircase to the Shoals.
 12508 | Lair:3   | Received a gift from Okawaru
 13380 | Lair:4   | Reached XP level 13. HP: 116/116 MP: 16/16
 13511 | Lair:4   | Found a hole to the Spider Nest.
 13511 | Lair:4   | Noticed Sonja
 13669 | Lair:4   | Found a dark tunnel.
 13680 | Volcano  | Entered a volcano
 14159 | Lair:4   | Cast into level 1 of the Abyss (Sonja)
 14234 | Abyss:1  | Noticed a starcursed mass
 14266 | Abyss:1  | Noticed a daeva
 14307 | Abyss:1  | HP: 3/118 [something/ball of steam (7)]
 14341 | Abyss:1  | Noticed an ancient lich
 14341 | Abyss:1  | Killed from afar by an ancient lich

Levels and vault maps discovered:
D:1:      mrwooster_arrival_statue, layout_basic, corexii_leaking_fountain
D:2:      layout_loops_ring, gammafunk_temple_overflow_arena, first_ration,
          minmay_misc_feat_five, serial_bayou_lagoon_a,
          kennysheep_generic_room_13, uniq_sigmund, uniq_terence, uniq_jessica
D:3:      layout_loops_ring, portal_sewer_entry_e
D:4:      layout_layer_cave, minmay_temple_entry_slanted
D:5:      layout_basic, lemuel_round_altar, dancing_weapons_uskayaw,
          nicolae_gozag_cash_rules_everything_around_me, uniq_prince_ribbit1,
          uniq_duvessa
D:6:      layout_basic, kennysheep_little_box, bloody_makhleb,
          nicolae_overflow_hidden_temple
D:7:      layout_cave_pools, minitemple, nemelex_xobeh_ov_fountains_minmay,
          gammafunk_ghost_stat_death, grunt_ministairs_14, uniq_maggie
D:8:      layout_basic, lemuel_doored_altar, hangedman_ranch
          [blue_anna_fruit_fields], minmay_manual_monstrance
D:9:      layout_basic, lair_entry_dummy, minivault_28
D:10:     layout_cave_pools, serial_shops, nicolae_shop_waterfront, minivault_1
D:11:     layout_loops_ring, david_orc_3, basic_altar
Temple:   compressed_dpeg_triangle_lava_temple
Lair:1:   layout_gridlike, chequers_serial_rivers_micro_e, lemuel_centaur_altar,
          lemuel_fruit_tree, infiniplex_staircase_pool
Lair:2:   layout_long_grid, serial_bayou_shore_b
Lair:3:   wander_river, layout_layer_cave, elwin_shoals_entry_stream,
          minmay_lair_oklob_bushes, serial_bayou_shore_a
Lair:4:   layout_cave_pods, spider_nest_entry_a,
          nicolae_volcano_entry_lava_flow, grunt_megastairs_5,
          serial_bayou_shore_b, uniq_sonja
Abyss:1:  base: D:8, evilmike_abyss_exit_mutagenic

Skill      XL: |  1  2  3  4  5  6  7  8  9 10 11 12 13 |
---------------+----------------------------------------+-----
Fighting       | 4 5 6 7 9 10 11 12 | 12.0
Armour         | 4 5 6 7 9 10 11 12 | 12.4
Shields        | 4 5 6 7 9 11 12 13 14 | 14.2
Maces & Flails | 3 4 5 7 9 11 13 14 | 14.7
Invocations    | 2 5 6 |  6.3

Action                   |  1- 3 |  4- 6 |  7- 9 | 10-12 | 13-15 || total
-------------------------+-------+-------+-------+-------+-------++-------
Melee: Flail             |    92 |   118 |   163 |  1021 |   107 ||  1501
       Headbutt          |    17 |    36 |    55 |   240 |    47 ||   395
       Unarmed           |     3 |       |       |       |       ||     3
       Morningstar       |       |    80 |   165 |       |    53 ||   298
       Spear             |       |       |   116 |       |       ||   116
Invok: Heroism           |       |       |       |     1 |     2 ||     3
  Use: Scroll            |       |     2 |       |    18 |     2 ||    22
  Eat: Chunk             |       |     5 |    16 |    19 |     2 ||    42
       Ration            |       |       |     3 |     2 |       ||     5
Armor: Scale mail        |    45 |       |       |       |       ||    45
       Skin              |    38 |       |       |       |     1 ||    39
       Chain mail        |     8 |    82 |    56 |       |       ||   146
       Plate armour      |       |       |   179 |   539 |    96 ||   814
Dodge: Dodged            |    40 |    28 |    67 |   158 |    42 ||   335
Block: Kite shield       |    64 |    95 |   266 |   520 |       ||   945
       Buckler           |       |       |       |    19 |    75 ||    94
       Reflection        |       |       |       |     1 |     2 ||     3

Table legend:
 A = Non-vault XP
 B = Vault XP
 C = Vault XP percentage of total XP
 D = Non-vault monster count
 E = Vault monster count
 F = Vault count percentage of total count
                 A         B        C        D         E       F
            +---------+---------+-------+---------+---------+-------
      Total |   34157 |   14968 |  30.5 |     339 |      95 |  21.9
            +---------+---------+-------+---------+---------+-------
        D:1 |      44 |      36 |  45.0 |      18 |       1 |   5.3
        D:2 |      68 |     257 |  79.1 |      24 |       2 |   7.7
        D:3 |     284 |      47 |  14.2 |      29 |       8 |  21.6
        D:4 |     448 |       0 |   0.0 |      20 |       0 |   0.0
        D:5 |     431 |     507 |  54.1 |      17 |       3 |  15.0
        D:6 |    1055 |       0 |   0.0 |      27 |       0 |   0.0
        D:7 |     946 |     586 |  38.3 |      21 |       3 |  12.5
        D:8 |    2153 |    3150 |  59.4 |      27 |      12 |  30.8
        D:9 |     803 |    2838 |  77.9 |      12 |      12 |  50.0
       D:10 |    3011 |       0 |   0.0 |      18 |       0 |   0.0
       D:11 |    5384 |     370 |   6.4 |      48 |       8 |  14.3
     Lair:1 |    2917 |     449 |  13.3 |      10 |       4 |  28.6
     Lair:2 |    5108 |       0 |   0.0 |      24 |       0 |   0.0
     Lair:3 |    5267 |    1882 |  26.3 |      22 |       5 |  18.5
     Lair:4 |    5079 |    1294 |  20.3 |      19 |       2 |   9.5
    Abyss:1 |    1159 |       0 |   0.0 |       3 |       0 |   0.0
      Sewer |       0 |     319 | 100.0 |       0 |      28 | 100.0
    Volcano |       0 |    3233 | 100.0 |       0 |       7 | 100.0
            +---------+---------+-------+---------+---------+-------
